AoeStats
← ZombieDaleEarnhardt

Migration

508383661Analyzed
1v1 RM · 10d ago on Sep 22, 2026· 42m 38s· 2 players
Game mode
Random Map
Map size
132×132
Population
200
Speed
Normal
Resources
Standard
Victory
Conquest
Starting age
Dark Age
Ending age
Imperial Age
RankedLock teamsTeams togetherTeam positionsShared explorationLock speedFull tech treeHidden civsTurbo modeCheats
Victory
Defeat
🇺🇸 Spanish · United States
957
+17
🇦🇷 Japanese · Argentina
973
-17
ZombieDaleEarnhardt
4:43 Loom
6:34 Loom
7:45 Loom
13:43 Feudal Age
14:22 Double-Bit Axe
14:27 Town Watch
14:29 Fishing Lines
14:45 Horse Collar
19:54 Castle Age
17:53 Gold Mining
21:32 Ballistics
23:48 Imperial Age
22:32 Ballistics
22:10 Fletching
26:02 Chemistry
25:58 Bow Saw
26:19 Gillnets
27:51 Elite Cannon Galleon
29:21 Wheelbarrow
29:15 Clinker Construction
29:51 Bodkin Arrow
30:56 Hand Cart
30:47 Bracer
30:41 Stone Mining
35:12 Carvel Hull
35:13 Shipwright
38:55 Medium Warships
38:56 Siphons
39:02 Careening
39:24 Supremacy
42:52 Conscription
43:21 Heavy Warships
quinan
9:45 Loom
12:30 Feudal Age
14:55 Double-Bit Axe
18:01 Wheelbarrow
18:44 Fishing Lines
19:05 Horse Collar
19:14 Double-Bit Axe
22:12 Castle Age
20:34 Stone Mining
20:34 Gold Mining
20:53 Fletching
22:04 Town Watch
22:45 Gillnets
23:16 Medium Warships
23:09 Bodkin Arrow
23:29 Bow Saw
25:14 Gold Shaft Mining
27:07 Padded Archer Armor
29:10 Leather Archer Armor
28:54 Murder Holes
32:39 Imperial Age
33:29 Careening
33:48 Heavy Warships
34:12 Bracer
35:09 Heavy Warships
35:36 Ring Archer Armor
35:34 Ballistics
36:25 Hand Cart
38:59 Chemistry
41:53 Dry Dock
Connection lost

Rejoining the realm…

Still unreachable

The connection could not be restored.

Session expired

The server has moved on; the page needs a fresh start.